 Dungeon Crawl Stone Soup version 0.28-a0-1128-gb845255321 (webtiles) character file.

Game seed: 13493139251803208827

142 Garessta the Covert (level 5, -2/25 HPs)
             Began as a Spriggan Brigand on Dec 12, 2021.
             Asphyxiated
             ... in a sewer.
             The game lasted 00:10:24 (3204 turns).

Garessta the Covert (Spriggan Brigand)              Turns: 3204, Time: 00:10:25

Health: -2/25      AC:  5    Str:  7    XL:     5   Next: 4%
Magic:  6/6        EV: 16    Int: 13    God:
Gold:   109        SH:  0    Dex: 18    Spells: 4/4 levels left

rFire   . . .      SeeInvis +   a - +3 dagger
rCold   . . .      Faith    .   (shield restricted)
rNeg    . . .      Spirit   .   b - +0 robe
rPois   .          Reflect  .   j - +1 hat
rElec   .          Harm     .   c - +1 cloak
rCorr   .          Rampage  .   (gloves unavailable)
Will    .....                   (boots unavailable)
Stlth   ++........              (no amulet)
HPRegen 0.08/turn               (no ring)
MPRegen 0.10/turn               (no ring)

@: lethally poisoned (-2 -> -34), slowed, very slow
A: very small, no large weapons, unfitting armour, see invisible, speed 3
a: no special abilities


You were in a sewer.
You visited 1 branch of the dungeon, and saw 3 of its levels.
You also visited: Sewer.

You collected 109 gold pieces.

Inventory:

Hand Weapons
 a - a +3 dagger (weapon)
Missiles
 d - 18 poisoned darts (quivered)
 e - 2 curare-tipped darts
Armour
 b - a +0 robe (worn)
 c - a +1 cloak (worn)
 j - a +1 hat (worn)
Wands
 l - a wand of mindburst (10)
Scrolls
 k - a scroll of teleportation
Potions
 f - a potion of attraction
 h - 2 potions of brilliance
 i - 2 potions of heal wounds


   Skills:
 - Level 1.5 Fighting
 + Level 2.2 Short Blades
 + Level 3.3 Throwing
 - Level 1.3 Dodging
 * Level 8.7 Stealth


You had 4 spell levels left.
You didn't know any spells.
Your spell library contained the following spells:

 Spells                   Type           Power      Damage    Failure   Level
 Apportation              Tloc           0%         N/A       30%         1
 Alistair's Intoxication  Tmut/Pois      0%         N/A       100%        5


Dungeon Overview and Level Annotations

Branches:
Dungeon (3/15)              Sewer (1/1)

Altars:
Hepliaklqana
Xom

Shops:
D:1 !


Innate Abilities, Weirdness & Mutations

You are very small and have problems with some larger weapons.
You are too small for most types of armour.
You have supernaturally acute eyesight. (SInv)
You cover ground extremely quickly. (Speed+++)


Message History

Press: ? - help, Q - select action, (/) - cycle Shift-Dir - straight line, f/p - kobold brigand
Aim: a kobold brigand, wielding a +0 dagger and quivering curare-tipped darts (lightly wounded, very poisoned, 55% to hit)
You throw a poisoned dart.
The poisoned dart misses the kobold brigand.
The kobold brigand throws a curare-tipped dart.
The curare-tipped dart hits you.
You are poisoned.
You have difficulty breathing.
You feel yourself slow down.
You enter the shallow water.
Moving in this stuff is going to be slow.
You feel very sick.
Throw: 18 darts (poison)
Press: ? - help, Q - select action, (/) - cycle Shift-Dir - straight line, f/p - kobold brigand
Aim: a kobold brigand, wielding a +0 dagger and quivering curare-tipped darts (moderately wounded, very poisoned, 55% to hit)
Okay, then.
Throw: 2 darts (atropa)
Press: ? - help, Q - select action, (/) - cycle Shift-Dir - straight line, f/p - kobold brigand
Aim: a kobold brigand, wielding a +0 dagger and quivering curare-tipped darts (moderately wounded, very poisoned, 55% to hit, chance to blind on hit: 75%)
You throw an atropa-tipped dart.
The atropa-tipped dart hits the kobold brigand!
The kobold brigand resists.
The kobold brigand is moderately wounded.
You feel sick.
The kobold brigand throws a curare-tipped dart.
The curare-tipped dart hits you.
You are lethally poisoned!
You have difficulty breathing.
You feel as though you will be slow longer.
Throw: dart (atropa)
Press: ? - help, Q - select action, (/) - cycle Shift-Dir - straight line, f/p - kobold brigand
Aim: a kobold brigand, wielding a +0 dagger and quivering curare-tipped darts (moderately wounded, very poisoned, 55% to hit, chance to blind on hit: 75%)
You throw an atropa-tipped dart.
The atropa-tipped dart barely misses the kobold brigand.
* * * LOW HITPOINT WARNING * * *
You feel very sick.
The kobold brigand throws a curare-tipped dart.
The curare-tipped dart hits you.
You are more poisoned.
You have difficulty breathing.
You die...

### ############ #∩# ##
#..≈.≈..≈(.###.### #..
#.≈≈≈≈≈≈≈≈≈......######
.(..#≈≈≈≈≈≈≈≈)≈≈≈≈≈≈≈≈≈≈≈≈##
...≈≈≈≈≈≈≈≈≈≈≈≈≈≈≈≈≈≈≈≈≈≈≈
#.≈≈≈≈≈≈≈≈≈≈≈≈≈≈≈≈≈≈≈≈≈#
#.()≈≈≈.≈≈.≈.....#######
#(≈≈.K.@≈≈≈#######
#########≈## #≈# #≈# #)# #≈#
#≈# #≈# #≈#


You could see a kobold brigand (poisoned).

Vanquished Creatures
  A river rat (Sewer)
  3 adders (D:3)
  5 worms (D:2)
  3 dart slugs
  An orc (D:3)
  6 ball pythons
  9 endoplasms
  4 giant cockroaches
  5 goblins
  5 hobgoblins
  5 jackals
  11 kobolds
  2 quokkas (D:3)
  5 bats
  8 frilled lizards
  A quokka skeleton (D:3)
  9 rats
83 creatures vanquished.

Notes
Turn   | Place    | Note
-------+----------+-------------------------------------------
     0 | D:1      | Garessta the Spriggan Brigand began the quest for the Orb.
     0 | D:1      | Reached XP level 1. HP: 10/10 MP: 2/2
    13 | D:1      | Found a faded altar of an unknown god.
    36 | D:1      | Reached skill level 6 in Stealth
   272 | D:1      | Reached XP level 2. HP: 14/14 MP: 3/3
   657 | D:1      | Reached skill level 7 in Stealth
   710 | D:1      | Reached XP level 3. HP: 18/18 MP: 4/4
   896 | D:1      | Found Tepto's Distillery.
  1189 | D:2      | Found a shimmering altar of Xom.
  1877 | D:2      | Reached XP level 4. HP: 22/22 MP: 5/5
  2320 | D:3      | Reached skill level 8 in Stealth
  2492 | D:3      | Found a hazy altar of Hepliaklqana.
  2725 | D:3      | Found a glowing drain.
  2879 | Sewer    | Entered a sewer
  2916 | Sewer    | Reached XP level 5. HP: 12/25 MP: 6/6
  3204 | Sewer    | Asphyxiated

Illustrated notes

Levels and vault maps discovered:
D:1:      minmay_arrival_solitary_statue, layout_rooms, serial_shops,
          nicolae_shop_stone, chequers_ecumenical_altar_simple, hex_medium
D:2:      layout_basic, basic_altar
D:3:      minmay_skewed_foursquare, layout_rooms,
          nicolae_hepliaklqana_hazy_memory, gup_sewer_entry_bowl
Sewer:    sewer_kobolds

Skill      XL: |  1  2  3  4 |
---------------+-------------+-----
Stealth        | 6 7 8 |  8.7
Throwing       | 3 |  3.3
Fighting       | |  1.5
Short Blades   | |  2.2
Dodging        | |  1.3

Action                   |  1- 3 |  4- 6 || total
-------------------------+-------+-------++-------
Melee: Dagger            |    96 |    92 ||   188
Throw: Dart              |    53 |    33 ||    86
  Use: Scroll            |     3 |     4 ||     7
 Stab: Sleeping          |    15 |    11 ||    26
Armor: Robe              |    14 |    17 ||    31
Dodge: Dodged            |    51 |    49 ||   100

Table legend: (Time is in decaauts)
 A = Elapsed time spent in this place.
 B = Non-inter-level travel time spent in this place.
 C = Inter-level travel time spent in this place.
 D = Time resting spent in this place.
 E = Time spent auto-exploring this place.
 F = Levels seen in this place.
 G = Mean time per level.
                   A        B        C        D        E       F      G
               +--------+--------+--------+--------+--------+-----+--------+
         Total |   2469 |   2408 |     61 |    105 |   1687 |   4 |  617.2 |
       Dungeon |   2157 |   2096 |     61 |    105 |   1463 |   3 |  719.0 |
         Sewer |    311 |    311 |      0 |      0 |    224 |   1 |  311.0 |
               +--------+--------+--------+--------+--------+-----+--------+

Top non-repeatable levels by time:
     D:1: 834 daAuts
     D:2: 829 daAuts
     D:3: 493 daAuts
   Sewer: 311 daAuts
